 Dungeon Crawl Stone Soup version 0.28.0 (webtiles) character file.

Game seed: 12140325260657590207

94546 SnakkuSnakku7 the Carver (level 16, -6/113 HPs)
             Began as a Djinni Cinder Acolyte on Feb 4, 2022.
             Was a High Priest of Ignis.
             Shot with an arrow by a centaur warrior (16 damage)
             ... on level 14 of the Dungeon on Feb 5, 2022.
             The game lasted 00:48:34 (19296 turns).

SnakkuSnakku7 the Carver (Djinni Cinder Acolyte)   Turns: 19296, Time: 00:48:35

Health: -6/113     AC: 11    Str: 22    XL:     16   Next: 60%
Gold:   336        EV: 18    Int: 21    God:    Ignis [*****.] SH:  0 Dex: 10

rFire   + + .      SeeInvis +   a - +10 great sword "Fiewn" {elec, Fragile Str+7 SInv}
rCold   . . .      Faith    .   (shield currently unavailable)
rNeg    + . .      Spirit   .   y - +1 robe {rN+}
rPois   ∞          Reflect  .   c - +2 helmet
rElec   .          Harm     .   N - +2 cloak
rCorr   .          Rampage  .   H - +0 pair of gloves
Will    +....                   (boots unavailable)
Stlth   ++++......              n - amulet of regeneration
HPRegen 1.08/turn               E - ring of ice
MPRegen 0.00/turn               p - +4 ring of evasion

@: flying
A: sickness immunity, fire resistance 2, cold vulnerability 1, float, innate
caster, HP casting, extra vitality 1
a: Renounce Religion, Fiery Armour, Foxfire Swarm, Rising Flame


You were on level 14 of the Dungeon.
You worshipped Ignis.
Ignis was extremely pleased with you.
You visited 3 branches of the dungeon, and saw 22 of its levels.
You also visited: Ice Cave.

You collected 1712 gold pieces.
You spent 1376 gold pieces at shops.

Inventory:

Hand Weapons
 a - the +10 great sword "Fiewn" (weapon) {elec, Fragile Str+7 SInv}
   (You found it on level 1 of the Lair of Beasts)

   It occasionally discharges a powerful burst of electricity upon striking a
   foe.
   Str:       It affects your strength (+7).
   SInv:      It lets you see invisible.
   Fragile:   It will be destroyed if unequipped.
 e - a +3 dagger of venom
Missiles
 m - 10 curare-tipped darts
Armour
 c - a +2 helmet (worn)
 l - a +0 chain mail
 y - a +1 robe of positive energy (worn)
 z - a +0 plate armour
 H - a +0 pair of gloves (worn)
 N - a +2 cloak (worn)
Magical Staves
 b - a staff of poison
Jewellery
 n - an amulet of regeneration (around neck)
 p - a +4 ring of evasion (right hand)
 B - a ring of ice
 E - a ring of ice (left hand)
 G - an amulet of the acrobat
 M - a ring of protection from fire
Wands
 j - a wand of mindburst (9)
 q - a wand of flame (7)
 r - a wand of polymorph (25)
 w - a wand of iceblast (6)
 x - a wand of acid (2)
 C - a wand of digging (1)
Scrolls
 d - 3 scrolls of teleportation
 t - 3 scrolls of vulnerability
 u - 2 scrolls of amnesia {unknown}
 D - a scroll of enchant weapon
 F - a scroll of magic mapping
Potions
 f - 3 potions of ambrosia {unknown}
 g - 4 potions of mutation {unknown}
 h - 10 potions of curing
 i - 2 potions of brilliance
 k - a potion of lignification
 o - 3 potions of might
 s - 6 potions of haste {unknown}
 v - 3 potions of attraction
 A - 3 potions of cancellation
 I - a potion of resistance
 O - a potion of invisibility


   Skills:
 - Level 10.0 Fighting
 - Level 6.1(11.4) Short Blades
 - Level 14.9(15.4) Long Blades
 + Level 6.1 Armour
 - Level 7.9 Dodging
 - Level 10.0 Stealth
 - Level 10.0 Spellcasting


You had 10 spell levels left.
You knew the following spells:

 Your Spells              Type           Power      Damage    Failure   Level
a - Iskenderun's Battles  Conj           52%        2d10      2%          5
b - Ensorcelled Hibernat  Hex/Ice        100%       N/A       1%          2
c - Call Imp              Summ           52%        N/A       1%          2
d - Shock                 Conj/Air       100%       1d9       1%          1
e - Dazzling Flash        Conj/Hex       100%       N/A       1%          3
f - Scorch                Fire           100%       2d10      1%          2
g - Eringya's Noxious Bo  Tmut/Pois      26%        N/A       16%         6
z - Olgreb's Toxic Radia  Pois           52%        N/A       1%          4
Your spell library was empty.

Dungeon Overview and Level Annotations

Branches:
Dungeon (14/15)            Temple (0/1) D:7            Lair (6/6) D:8
  Swamp (0/4) Lair:3        Snake (0/4) Lair:2          Orc (2/2) D:10
  IceCv (visited)
  Slime: Lair:5-6       Elf: Orc:2       Vaults: D:13-14

Altars:
Ashenzari
Elyvilon
Fedhas
Gozag
Hepliaklqana
Makhleb
Nemelex Xobeh
Okawaru
Qazlal
Xom

Shops:
D:14 !

Annotations:
D:13 Sonja
Lair:5 exclusion: 3 oklob plants
Orc:2 Jorgrun


Innate Abilities, Weirdness & Mutations

You are immune to sickness and miasma.
You are immune to poison.
Your flesh is very heat resistant. (rF++)
You are vulnerable to cold. (rC-)
You float through the air rather than walking.
You learn spells naturally, not from books.
Your magical power is your life essence.
You have superior vitality. (+4 MHP)


Message History

The wolf spider simulacrum closely misses you.
The wolf spider simulacrum barely misses you.
Casting: Scorch (safe; 1% risk of failure)
Press: ? - help, Q - select action, (/) - cycle Dir - look around, f - activate Flames lash the wolf spider simulacrum.
The wolf spider simulacrum melts!
The wolf spider simulacrum is severely damaged.
The wolf spider simulacrum's fire resistance burns away.
The wolf spider simulacrum barely misses you.
The wolf spider simulacrum bites you.
The wolf spider simulacrum freezes you!!
Casting: Scorch (safe; 1% risk of failure)
Press: ? - help, Q - select action, (/) - cycle Dir - look around, f - activate Flames lash the wolf spider simulacrum.
The wolf spider simulacrum melts!
The wolf spider simulacrum vaporises!
Unknown command.
You feel a bit more experienced.
The centaur warrior wields a +0 longbow.
The centaur warrior shoots an arrow.
The arrow hits you.
Okay, then.
You feel much better.
The centaur warrior shoots an arrow.
The arrow misses you.
The centaur warrior shoots an arrow.
The arrow hits you!!
As you read the scroll of fear, it crumbles to dust.
You assume a fearsome visage.
The centaur warrior easily resists.
The centaur warrior shoots an arrow.
The arrow closely misses you.
Okay, then.
Your magical effects are unravelling.
You feel magically purged.
The sentinel's mark upon you fades away.
The centaur warrior shoots an arrow.
The arrow hits you!
The centaur warrior shoots an arrow.
The arrow hits you!!
* * * LOW HITPOINT WARNING * * *
Unknown command.
Okay, then.
You feel much better.
The centaur warrior shoots an arrow.
The arrow hits you!!
* * * LOW HITPOINT WARNING * * *
You feel much better.
The centaur warrior shoots an arrow.
The arrow hits you!!
* * * LOW HITPOINT WARNING * * *
The centaur warrior shoots an arrow.
The arrow hits you!
You die...

..... #......................
[.... #..[.C.................
..... #............c.........
####..# #................>.....
#..# #..................<... #..#
#...................... #..#
#...................... #..#
#...................... #..#
#.....@................
#..#####......................
####.............................
.................................
#################################


You could see a centaur warrior and a cyclops.

Vanquished Creatures
  Josephine (Orc:1)
  5 hydras
  A catoblepas (Lair:6)
  A centaur warrior (D:11)
  A two-headed ogre (D:14)
  A deep troll shaman (Lair:6)
  14 death yaks
  A tengu warrior (D:14)
  An orc high priest (Orc:1)
  A fire crab (Lair:6)
  A lindwurm (Lair:6)
  Pikel (D:4)
  An oklob plant (Lair:4)
  An orc knight (Orc:1)
  A cyclops (D:10)
  4 ugly things
  3 manticores
  17 elephants
  5 black mambas
  A torpor snail (Lair:2)
  2 gargoyles
  11 cane toads
  6 rime drakes
  A rime drake (shapeshifter) (D:11)
  An entropy weaver simulacrum (IceCv)
  7 komodo dragons
  2 yaktaurs (D:11)
  A polar bear (Lair:2)
  A troll (D:11)
  A wolf spider simulacrum (D:14)
  A meliai (D:11)
  A hornet (Lair:3)
  4 slime creatures (IceCv)
  16 blink frogs
  A slime creature (shapeshifter) (D:11)
  5 dream sheep (Lair:5)
  A meliai zombie (D:10)
  2 shadows
  5 wraiths
  3 wyverns
  48 yaks
  2 basilisks
  2 steam dragons
  2 vampire mosquitoes (D:11)
  2 wargs
  3 acid dragons
  4 nagas (Lair:2)
  21 water moccasins
  11 orc warriors
  3 black bears (Lair:6)
  8 ice beasts
  A sky beast (D:6)
  An ugly thing simulacrum (IceCv)
  4 ogres
  3 centaurs
  57 wolves
  A phantom (D:7)
  2 kobold brigands
  12 bullfrogs
  2 scorpions (D:6)
  2 glowing shapeshifter simulacra (IceCv)
  A water moccasin zombie (D:6)
  An elephant simulacrum (Lair:3)
  15 wights
  14 killer bees (D:9)
  An electric eel (Lair:3)
  3 howler monkeys (D:8)
  A bullfrog zombie (D:7)
  3 centaur zombies
  13 orc priests
  6 hounds
  A jelly (D:4)
  2 bullfrog skeletons (D:6)
  A gnoll shaman (D:5)
  Ijyb (D:3)
  Natasha (thrice) (D:2)
  An iguana (D:5)
  12 orc wizards
  Terence (D:2)
  2 hound skeletons (D:4)
  A howler monkey zombie (D:6)
  Robin (D:2)
  A howler monkey skeleton (D:7)
  8 gnolls
  6 adders
  A white imp (D:8)
  2 adder skeletons (D:4)
  A worm (D:2)
  2 dart slugs
  31 orcs
  5 endoplasms
  6 giant cockroaches
  18 goblins
  6 hobgoblins
  2 jackals (D:5)
  3 quokkas
  12 ball pythons
  5 bats
  3 frilled lizards
  16 kobolds
  4 rats
541 creatures vanquished.

Vanquished Creatures (others)
  48 fungi
  91 plants
139 creatures vanquished.

Grand Total: 680 creatures vanquished

Notes
Turn   | Place    | Note
-------+----------+-------------------------------------------
     0 | D:1      | SnakkuSnakku7 the Djinni Cinder Acolyte began the quest for
                  | the Orb.
     0 | D:1      | Reached XP level 1. HP: 20/20 MP: 0/0
   141 | D:1      | Reached XP level 2. HP: 24/25 MP: 0/0
   251 | D:1      | Found a faded altar of an unknown god.
   271 | D:1      | Reached XP level 3. HP: 15/30 MP: 0/0
   271 | D:1      | Learned a level 1 spell: Shock
   969 | D:2      | Noticed Natasha
   977 | D:2      | Killed Natasha
   978 | D:2      | Reached XP level 4. HP: 16/35 MP: 0/0
  1184 | D:2      | Noticed Terence
  1190 | D:2      | Killed Terence
  1344 | D:2      | Noticed Natasha
  1345 | D:2      | Noticed Robin
  1485 | D:2      | Killed Natasha
  1486 | D:2      | Reached XP level 5. HP: 33/40 MP: 0/0
  1486 | D:2      | Learned a level 2 spell: Call Imp
  1489 | D:2      | Killed Robin
  1691 | D:2      | Noticed Natasha
  1694 | D:2      | Killed Natasha
  2078 | D:3      | Noticed Ijyb
  2352 | D:3      | Reached XP level 6. HP: 41/46 MP: 0/0
  2460 | D:3      | Found a broken altar of Ashenzari.
  2477 | D:4      | Reached skill level 5 in Spellcasting
  3087 | D:4      | Found a hazy altar of Hepliaklqana.
  3129 | D:4      | Noticed an ogre
  3134 | D:4      | Killed an ogre
  3135 | D:4      | Reached XP level 7. HP: 43/50 MP: 0/0
  3135 | D:4      | Learned a level 2 spell: Ensorcelled Hibernation
  3407 | D:4      | Noticed Pikel
  3436 | D:4      | Killed Pikel
  3437 | D:4      | Reached XP level 8. HP: 7/56 MP: 0/0
  4493 | D:5      | Entered Level 5 of the Dungeon
  4870 | D:5      | Identified the +1 chain mail of Lugonu's Hatred {rPois}
  5605 | D:3      | Killed Ijyb
  5774 | D:3      | Reached XP level 9. HP: 55/60 MP: 0/0
  5774 | D:3      | Learned a level 3 spell: Dazzling Flash
  6303 | D:6      | Reached skill level 1 in Stealth
  6590 | D:6      | Reached skill level 5 in Stealth
  6627 | D:6      | Reached skill level 1 in Short Blades
  6627 | D:6      | Reached XP level 10. HP: 48/67 MP: 0/0
  6765 | D:6      | Found a shimmering altar of Xom.
  7143 | D:7      | Found an opulent altar of Gozag.
  7208 | D:7      | Found a staircase to the Ecumenical Temple.
  7297 | D:7      | Found a sparkling altar of Nemelex Xobeh.
  7491 | D:7      | Found a white marble altar of Elyvilon.
  7723 | D:8      | Found an iron altar of Okawaru.
  7989 | D:8      | Found a blossoming altar of Fedhas.
  8134 | D:8      | Found a staircase to the Lair.
  8438 | D:9      | Reached XP level 11. HP: 51/71 MP: 0/0
  8438 | D:9      | Learned a level 4 spell: Olgreb's Toxic Radiance
  8439 | D:9      | Reached skill level 10 in Stealth
  8441 | D:9      | HP: 3/71 [wight (16)]
  8747 | D:9      | Found a stormy altar of Qazlal.
  8769 | D:9      | Reached skill level 5 in Short Blades
  9137 | D:10     | Entered Level 10 of the Dungeon
  9229 | D:10     | Reached skill level 1 in Dodging
  9291 | D:10     | Found a staircase to the Orcish Mines.
  9318 | D:10     | Noticed a cyclops
  9509 | D:10     | Reached skill level 5 in Dodging
  9539 | D:10     | Found a burning altar of Makhleb.
 10003 | Lair:1   | Entered Level 1 of the Lair of Beasts
 10244 | Lair:1   | Noticed a six-headed hydra
 10265 | Lair:1   | Killed a six-headed hydra
 10334 | Lair:1   | Reached XP level 12. HP: 74/76 MP: 0/0
 10380 | Lair:1   | Identified the +10 great sword "Fiewn" {elec, Fragile Str+7
                  | SInv}
 10415 | Lair:1   | Reached skill level 3 in Long Blades
 10427 | Lair:1   | Reached skill level 4 in Long Blades
 10622 | Lair:1   | Reached skill level 5 in Long Blades
 11044 | Lair:2   | Reached skill level 6 in Long Blades
 11111 | Lair:2   | Reached skill level 7 in Long Blades
 11208 | Lair:2   | Reached skill level 8 in Long Blades
 11241 | Lair:2   | Found a staircase to the Snake Pit.
 11493 | Lair:2   | Reached skill level 9 in Long Blades
 11496 | Lair:2   | Reached XP level 13. HP: 48/81 MP: 0/0
 11496 | Lair:2   | Learned a level 5 spell: Iskenderun's Battlesphere
 11716 | Lair:2   | Reached skill level 10 in Long Blades
 12239 | Lair:3   | Reached skill level 11 in Long Blades
 12324 | Lair:3   | Identified a scroll of acquirement
 12347 | Lair:3   | Acquired 645 gold pieces
 12388 | Lair:3   | Found a frozen archway.
 12406 | IceCv    | Entered an ice cave
 12808 | Lair:3   | Noticed a four-headed hydra
 12816 | Lair:3   | Killed a four-headed hydra
 12877 | Lair:3   | Found a staircase to the Swamp.
 12962 | Lair:3   | Reached skill level 12 in Long Blades
 13869 | Lair:4   | HP: 2/81 [komodo dragon (24)]
 14495 | Lair:5   | Reached skill level 13 in Long Blades
 14548 | Lair:5   | Reached XP level 14. HP: 84/87 MP: 0/0
 14943 | Lair:4   | Reached skill level 14 in Long Blades
 15544 | Lair:6   | Entered Level 6 of the Lair of Beasts
 15962 | Lair:5   | Reached skill level 5 in Fighting
 17050 | Lair:6   | Reached XP level 15. HP: 81/105 MP: 0/0
 17050 | Lair:6   | Learned a level 6 spell: Eringya's Noxious Bog
 17279 | Lair:6   | Reached skill level 10 in Fighting
 17840 | Orc:1    | Entered Level 1 of the Orcish Mines
 17996 | Orc:2    | Entered Level 2 of the Orcish Mines
 17996 | Orc:2    | Noticed Josephine
 18054 | Orc:2    | Noticed Jorgrun
 18297 | Orc:1    | Reached skill level 1 in Armour
 18370 | Orc:1    | Killed Josephine
 18997 | D:12     | Reached skill level 5 in Armour
 19012 | D:12     | You are sucked into a shaft and drop 2 floors!
 19109 | D:14     | Found Wumioppe's Distillery.
 19117 | D:14     | Bought a potion of experience for 800 gold pieces
 19117 | D:14     | Bought a potion of brilliance for 64 gold pieces
 19117 | D:14     | Bought a potion of cancellation for 128 gold pieces
 19117 | D:14     | Bought a potion of curing for 48 gold pieces
 19117 | D:14     | Bought a potion of heal wounds for 80 gold pieces
 19117 | D:14     | Bought a potion of cancellation for 128 gold pieces
 19117 | D:14     | Bought a potion of invisibility for 128 gold pieces
 19119 | D:14     | Reached skill level 10 in Spellcasting
 19119 | D:14     | Reached XP level 16. HP: 113/113 MP: 0/0
 19268 | D:13     | Noticed Sonja
 19295 | D:14     | HP: 3/113 [centaur warrior/arrow (32)]
 19296 | D:14     | Shot with an arrow by a centaur warrior

Illustrated notes

Levels and vault maps discovered:
D:1:      amcnicky_arrival_gap_in_the_tavern_cellar, layout_basic,
          hellmonk_ecumenical_altar_pennies_from_heaven
D:2:      layout_basic, uniq_robin, uniq_terence, uniq_natasha
D:3:      layout_basic, nicolae_ashenzari_skybound, uniq_ijyb
D:4:      layout_basic, lemuel_doored_altar, kennysheep_windowed_goal,
          uniq_pikel
D:5:      layout_basic
D:6:      layout_loops_ring, mainiacjoe_overflow_24_doors
D:7:      layout_basic, overflow_temple_1_default, grunt_gozag_breadcrumbs,
          nemelex_xobeh_ov_fountains_minmay, minmay_temple_entry_overgrown,
          wad_floor_pattern_1
D:8:      layout_cave_pods, okawaru_gym_becter, fedhas_altar_3,
          erik_lair_orcish_takeover
D:9:      layout_rooms, nicolae_qazlal_scattered_showers
D:10:     layout_rooms, general_overflow_altar, david_orc_3
D:11:     layout_roguey, serial_bayou_pond_c, minmay_door_square, minivault_28
D:12:     layout_basic, serial_bayou_pond_c
D:13:     kennysheep_bubbly, layout_long_grid, uniq_sonja
D:14:     layout_long_grid, grunt_vaults_entry_tiered, small_statue_alley_a,
          serial_shops, shop, xom_redecorated, uniq_agnes
Lair:1:   layout_regular_city, st_stairs_6, serial_bayou_lagoon_a,
          serial_bayou_pond_e, grunt_megastairs_4, infiniplex_staircase_pool_2,
          serial_bayou_shore_b
Lair:2:   layout_gridlike, minmay_snake_entry_guardpost_small,
          grunt_forest_large_clearings
Lair:3:   layout_gridlike, swamp_mist_pool, portal_ice_cave_entry_ice_simulacra
Lair:4:   layout_regular_city
Lair:5:   layout_loops_ring, minmay_slime_entry_oklob_open
Lair:6:   grunt_lair_end_beastmaster, layout_loops_ring, serial_bayou_shore_b
Orc:1:    layout_caves, serial_shops
Orc:2:    grunt_orc_tribal_feast, layout_caves, uniq_saint_roka, uniq_jorgrun,
          uniq_josephine

Skill      XL: |  1  2  3  4  5  6  7  8  9 10 11 12 13 14 15 16 |
---------------+-------------------------------------------------+-----
Spellcasting   | 3 4 5 7 8 9 10 | 10.0
Stealth        | 6 9 10 | 10.0
Short Blades   | 1 6 |  6.1
Dodging        | 7 |  7.9
Long Blades    | 9 13 14 | 14.9
Fighting       | 9 10 | 10.0
Armour         | 5 6 |  6.1

Action                   |  1- 3 |  4- 6 |  7- 9 | 10-12 | 13-15 | 16-18 || total
-------------------------+-------+-------+-------+-------+-------+-------++-------
Melee: Falchion          |    83 |    98 |    27 |       |       |       ||   208
       Punch             |     1 |       |     4 |     2 |       |       ||     7
       Dagger            |       |       |   211 |   145 |   151 |       ||   507
       Staff             |       |       |       |    20 |       |       ||    20
       Great sword       |       |       |       |       |   337 |    15 ||   352
 Cast: Scorch            |     5 |    35 |    73 |   132 |    41 |     2 ||   288
       Call Imp          |       |     2 |       |       |     4 |       ||     6
       Ensorcelled Hiber |       |       |     1 |    38 |    20 |       ||    59
       Olgreb's Toxic Ra |       |       |       |    41 |    94 |     7 ||   142
       Shock             |       |       |       |       |    17 |       ||    17
       Iskenderun's Batt |       |       |       |       |     3 |       ||     3
Evoke: Wand              |       |       |       |     8 |     7 |       ||    15
  Use: Scroll            |       |       |       |    12 |    15 |     4 ||    31
       Potion            |       |       |       |       |     3 |     4 ||     7
 Stab: Sleeping          |       |       |     2 |    25 |    19 |       ||    46
       Distracted        |       |       |       |       |     1 |       ||     1
       Petrified         |       |       |       |       |     8 |       ||     8
Armor: Robe              |    32 |    48 |    49 |    62 |   133 |     9 ||   333
Dodge: Dodged            |    70 |    89 |   143 |   202 |   530 |    38 ||  1072
